[Event "POL-chT 2nd League Juniors 2020"]
[Site "Sypniewo"]
[Date "2020.10.29"]
[Round "8.11"]
[White "Matyjasek, Michalina"]
[Black "Kukula, Klara"]
[Result "0-1"]
[ECO "E21"]
[WhiteElo "1477"]
[BlackElo "1232"]
[Annotator "NA RC"]
[PlyCount "72"]
[EventDate "2020.10.23"]
[EventType "team-tourn"]
[EventCountry "POL"]
[SourceTitle "playchess.com"]
[Source "ChessBase"]
[SourceQuality "1"]
[TimeControl "5400+30"]

1. d4 Nf6 2. c4 e6 3. Nc3 b6 4. Nf3 Bb7 5. e3 Bb4 6. Bd3 O-O 7. O-O Bxc3 8. bxc3 d6 9. Re1 c5 10. e4 Nbd7 11. e5 dxe5 12. dxe5 Ne8 13. Bg5 f6 14. exf6 Nexf6 15. Rxe6 Qc7 16. Qe2 Ng4 17. Bxh7+ Kxh7 18. Qd3+ Kg8 19. Rd6 Nde5 20. Nxe5 Nxe5 21. Qd1 Nxc4 22. Rd7 Qc6 23. f3 Ne5 24. Rd6 Qe8 25. f4 Nf7 26. Qb3 Kh8 27. Re6 Qc8 28. c4 Qxe6 29. Qc3 Nxg5 30. fxg5 Qf5 31. Qg3 Qf4 32. Qh3+ Kg8 33. Qe6+ Qf7 34. Qe3 Qxc4 35. Qh3 Qd4+ 36. Kh1 Qxa1# 0-1

[Event "POL-chT 2nd League Juniors 2020"]
[Site "Sypniewo"]
[Date "2020.10.29"]
[Round "8.12"]
[White "Lajdamik, Anna"]
[Black "Pastuszko, Katarzyna"]
[Result "1-0"]
[ECO "C44"]
[WhiteElo "1292"]
[BlackElo "1251"]
[Annotator "NA RC"]
[PlyCount "35"]
[EventDate "2020.10.23"]
[EventType "team-tourn"]
[EventCountry "POL"]
[SourceTitle "playchess.com"]
[Source "ChessBase"]
[SourceQuality "1"]
[TimeControl "5400+30"]

1. e4 e5 2. Nf3 Nc6 3. d4 exd4 4. c3 d5 5. exd5 Qxd5 6. cxd4 Bf5 7. Nc3 Qe6+ 8. Be2 Nb4 9. O-O Nc2 10. Rb1 O-O-O 11. Bd3 Nxd4 12. Nxd4 Qf6 13. Nxf5 Nh6 14. Bxh6 gxh6 15. Qf3 Bb4 16. Nd5 Qe6 17. Nxb4 Rhg8 18. Rfe1 1-0

[Event "POL-chT 2nd League Juniors 2020"]
[Site "Sypniewo"]
[Date "2020.10.29"]
[Round "8.15"]
[White "Jendrowiak, Maciej"]
[Black "Komendecki, Antoni"]
[Result "1/2-1/2"]
[ECO "A61"]
[WhiteElo "1382"]
[BlackElo "1801"]
[Annotator "NA RC"]
[PlyCount "91"]
[EventDate "2020.10.23"]
[EventType "team-tourn"]
[EventCountry "POL"]
[SourceTitle "playchess.com"]
[Source "ChessBase"]
[SourceQuality "1"]
[TimeControl "5400+30"]

1. d4 Nf6 2. Nf3 g6 3. c4 c5 4. d5 e6 5. Nc3 exd5 6. cxd5 d6 7. e4 Bg7 8. Bd3 a6 9. a4 O-O 10. O-O Re8 {[%emt 0:01:49] A70: Modern Benoni: 6 e4 g6 7 Nf3.} 11. Bg5 Qc7 12. Nd2 Nbd7 {[%emt 0:27:51] [#]} 13. f4 $146 ({Predecessor:} 13. Nc4 Ne5 14. Nxe5 Rxe5 15. f4 Re8 16. h3 Qb6 17. Rf2 Nd7 18. a5 Qc7 19. Kh1 {½-½ (37) Jambrovic,G (1803)-Vuckovecki,A Croatia 2013}) 13... Rb8 {[%emt 0:13:04] [#]} 14. Re1 $2 (14. Kh1 $1 $16) 14... Nb6 (14... c4 $11 {remains equal.} 15. Nxc4 b5 16. axb5 axb5) 15. a5 Nbd7 16. Qe2 b5 17. axb6 Nxb6 18. Qf1 ({Of course not} 18. Bxa6 Nfxd5 19. Bxc8 (19. Nxd5 Nxd5 {[%mdl 64] Pin} 20. Bxc8 h6 $15) 19... Qxc8 $15) 18... Ng4 19. h3 Bd4+ 20. Kh1 Ne3 21. Qf3 c4 22. Bb1 Nexd5 23. Qg3 Nxc3 24. bxc3 Bg7 25. Bc2 Bb7 26. Ba4 Nxa4 27. Rxa4 d5 28. e5 Qd7 29. Ra3 Qf5 30. Qf2 h6 31. Bh4 Rbc8 (31... Bf8 $17 32. Raa1 {[#]} d4 $1 ) 32. Kh2 (32. Qd4 $15) 32... g5 33. fxg5 (33. Bg3 $17) 33... Qxf2 $19 ({Don't play} 33... Rxe5 34. Qxf5 Rxf5 35. gxh6 $17) 34. Bxf2 Bxe5+ 35. Kg1 hxg5 36. Nf3 f6 37. Rb1 Re7 38. Bd4 Bxd4+ 39. Nxd4 Rcc7 40. Nf5 Red7 41. Ra2 Kf7 42. Re1 Bc8 43. Rae2 Ra7 44. Re8 Rac7 45. Rh8 Kg6 46. g4 1/2-1/2

[Event "POL-chT 2nd League Juniors 2020"]
[Site "Sypniewo"]
[Date "2020.10.29"]
[Round "8.16"]
[White "Karaszewski, Gabriel"]
[Black "Oles, Mateusz"]
[Result "1-0"]
[ECO "B27"]
[WhiteElo "1614"]
[BlackElo "1029"]
[Annotator "NA RC"]
[PlyCount "93"]
[EventDate "2020.10.23"]
[EventType "team-tourn"]
[EventCountry "POL"]
[SourceTitle "playchess.com"]
[Source "ChessBase"]
[SourceQuality "1"]
[TimeControl "5400+30"]

1. e4 c5 2. Nf3 g6 3. c4 Nf6 4. Nc3 Bg7 5. d4 cxd4 6. Nxd4 Nc6 7. Be3 O-O 8. Be2 e6 9. O-O d5 10. exd5 exd5 11. Nxc6 bxc6 12. cxd5 cxd5 13. Bb5 Qd6 14. h3 Rd8 15. Bd4 a6 16. Ba4 Bf5 17. Re1 Ne4 18. Bxg7 Kxg7 19. Nxe4 Bxe4 20. Qd4+ f6 21. Rad1 Rac8 22. Rxe4 Qf8 23. Qa7+ Kh8 24. Re7 Qg8 25. Qxa6 Qf8 26. Qe6 f5 27. Re1 Ra8 28. Re8 Rxe8 29. Qxe8 Qxe8 30. Rxe8+ Rxe8 31. Bxe8 Kg7 32. f4 Kf6 33. Kf2 Ke6 34. Ke3 Ke7 35. Bc6 Kd6 36. Bxd5 Kxd5 37. a4 Kc5 38. a5 h6 39. b4+ Kd5 40. a6 Kc6 41. b5+ Kb6 42. Kd4 g5 43. fxg5 hxg5 44. Ke5 g4 45. Kxf5 gxh3 46. gxh3 Kxb5 47. a7 1-0

[Event "POL-chT 2nd League Juniors 2020"]
[Site "Sypniewo"]
[Date "2020.10.29"]
[Round "8.17"]
[White "Seemann, Pola"]
[Black "Lascar, Maria Elena"]
[Result "1-0"]
[ECO "B23"]
[WhiteElo "1566"]
[BlackElo "1552"]
[Annotator "NA RC"]
[PlyCount "61"]
[EventDate "2020.10.23"]
[EventType "team-tourn"]
[EventCountry "POL"]
[SourceTitle "playchess.com"]
[Source "ChessBase"]
[SourceQuality "1"]
[TimeControl "5400+30"]

1. e4 c5 2. Nc3 a6 3. g3 b5 4. Bg2 Bb7 5. d3 g6 6. f4 Bg7 7. Nh3 e6 8. O-O Ne7 9. Qe2 O-O 10. f5 f6 11. fxe6 dxe6 12. Nf4 Qd4+ 13. Be3 Qe5 14. Qf2 Nbc6 15. Bxc5 Rad8 16. Rad1 f5 17. exf5 exf5 18. Rfe1 Qxc5 19. Qxc5 Bd4+ 20. Qxd4 Nxd4 21. Bxb7 Rd7 22. Bg2 Nxc2 23. Re5 g5 24. Ne6 Rf6 25. Nxg5 h6 26. Ne6 Ng6 27. Re2 Nb4 28. d4 Kf7 29. d5 a5 30. a3 Na6 31. Nxb5 1-0

[Event "POL-chT 2nd League Juniors 2020"]
[Site "Sypniewo"]
[Date "2020.10.29"]
[Round "8.21"]
[White "Nowak, Filip"]
[Black "Trzebinski, Patryk"]
[Result "0-1"]
[ECO "B01"]
[WhiteElo "1871"]
[BlackElo "1837"]
[Annotator "NA RC"]
[PlyCount "96"]
[EventDate "2020.10.23"]
[EventType "team-tourn"]
[EventCountry "POL"]
[SourceTitle "playchess.com"]
[Source "ChessBase"]
[SourceQuality "1"]
[TimeControl "5400+30"]

1. e4 d5 2. exd5 Nf6 3. d4 Nxd5 4. Nf3 Bg4 5. h3 Bh5 6. c4 Nb6 7. Be3 {[%emt 0:04:11] B01: Scandinavian Defence.} e6 8. Nc3 Nc6 9. g4 Bg6 {[%emt 0:00:06] [#]} 10. b3 $146 ({Predecessor:} 10. a3 Be7 11. d5 exd5 12. cxd5 Nb8 13. h4 h5 14. Ne5 Bh7 15. Bb5+ N6d7 16. g5 {0-1 (90) Oswald,G (2178)-Jaunooby,A (2189) Blackpool 2012}) 10... Ba3 11. Bc1 Bb4 12. Bb2 Be4 13. Be2 Qf6 14. O-O Bxc3 $1 15. Bxc3 O-O-O 16. Ne5 Nxe5 17. dxe5 Qh4 18. Qc1 Qxh3 19. f3 h5 20. g5 Bd3 21. Qe3 Qg3+ 22. Kh1 Qh4+ 23. Kg1 Bxe2 24. Qxe2 Qxg5+ 25. Kh1 Qh4+ 26. Kg1 Qg3+ 27. Kh1 Qh3+ 28. Kg1 Rh6 29. Rf2 Rg6+ 30. Rg2 Rxg2+ 31. Qxg2 Qxg2+ 32. Kxg2 Rd3 33. Bb4 Nd7 34. f4 c5 35. Be1 {[%emt 0:00:32] [#]} g5 $1 36. fxg5 Nxe5 37. Bg3 Ng6 38. Rf1 h4 $19 39. Be1 h3+ 40. Kh2 Ne5 41. Bg3 Nf3+ 42. Kxh3 Nxg5+ 43. Kg4 f5+ 44. Kxg5 Rxg3+ 45. Kf6 Re3 46. Rh1 Kd7 47. Rh7+ Kc6 48. Rh8 f4 0-1

[Event "POL-chT 2nd League Juniors 2020"]
[Site "Sypniewo"]
[Date "2020.10.29"]
[Round "8.22"]
[White "Malinowski, Szymon"]
[Black "Zimny, Jakub"]
[Result "1-0"]
[ECO "D02"]
[WhiteElo "1740"]
[BlackElo "1569"]
[Annotator "NA RC"]
[PlyCount "85"]
[EventDate "2020.10.23"]
[EventType "team-tourn"]
[EventCountry "POL"]
[SourceTitle "playchess.com"]
[Source "ChessBase"]
[SourceQuality "1"]
[TimeControl "5400+30"]

1. d4 Nf6 2. Nf3 d5 3. Bf4 c5 4. c3 Nc6 5. e3 Qb6 6. Qc2 Nh5 7. Bg3 g6 8. Nbd2 Bf5 9. Bd3 Bxd3 10. Qxd3 Nxg3 11. hxg3 Qxb2 12. Rb1 Qxa2 13. Rxb7 c4 14. Qe2 Qa6 15. Rb1 e6 16. e4 Be7 17. Qe3 Rb8 18. O-O Rxb1 19. Rxb1 O-O 20. exd5 exd5 21. Ne5 Rb8 22. Rxb8+ Nxb8 23. Nxg6 Qxg6 24. Qxe7 Nc6 25. Qe8+ Kg7 26. Nf3 Qe6 27. Qa8 h6 28. Qb7 a6 29. g4 Na5 30. Qc7 Nb3 31. Ne5 a5 32. f4 a4 33. Qa7 Qe8 34. g5 hxg5 35. fxg5 Kg8 36. Kh2 Nd2 37. Ng4 Qe1 38. Nh6+ Kh8 39. Nxf7+ Kg7 40. Ne5+ Kh8 41. Qb8+ Kg7 42. Qc7+ Kh8 43. Qd8+ 1-0

[Event "POL-chT 2nd League Juniors 2020"]
[Site "Sypniewo"]
[Date "2020.10.29"]
[Round "8.23"]
[White "Jedrzejko, Martyna"]
[Black "Filipska, Maja"]
[Result "1-0"]
[ECO "B38"]
[WhiteElo "1618"]
[BlackElo "1849"]
[Annotator "NA RC"]
[PlyCount "59"]
[EventDate "2020.10.23"]
[EventType "team-tourn"]
[EventCountry "POL"]
[SourceTitle "playchess.com"]
[Source "ChessBase"]
[SourceQuality "1"]
[TimeControl "5400+30"]

1. e4 c5 2. Nf3 g6 3. d4 cxd4 4. Nxd4 Bg7 5. c4 Nc6 6. Be3 Nf6 7. Nc3 O-O 8. Be2 Nxd4 9. Bxd4 d6 10. O-O Bd7 11. f3 Bc6 12. Qd2 Qa5 13. a3 {[%emt 0:02:46] B38: Sicilian: Maroczy Bind with 5...Bg7 and 7...0-0.} Rfc8 14. b4 Qc7 15. Rac1 {[%emt 0:03:02] [#]} b6 $146 ({Predecessor:} 15... Qd8 16. Nd5 Ne8 17. f4 e6 18. Nc3 e5 19. Bf2 exf4 20. Qxf4 Be5 21. Qe3 Ng7 {1-0 (41) Dzwonkowski,A (2013)-Sveinsson,J (1958) IECC email 2001}) 16. Rc2 Nd7 17. Bxg7 Kxg7 18. Rfc1 a5 19. Nd5 Bxd5 (19... Qd8 $11 {remains equal.}) 20. cxd5 Qb7 {[%emt 0:00:24] [#]} (20... Qd8 $14) 21. Rc6 $1 axb4 22. axb4 ({Don't take} 22. Qxb4 $6 Nc5 $14) 22... Ne5 $2 (22... Nf6 $16 23. Qc3 Rxc6 24. dxc6 Qc7) 23. Qc3 $18 Ra2 24. Rxc8 Rxe2 25. f4 Rxe4 26. fxe5 dxe5 27. Qc6 Qa6 28. d6 Qe2 29. Qxe4 Qxe4 30. dxe7 1-0

[Event "POL-chT 2nd League Juniors 2020"]
[Site "Sypniewo"]
[Date "2020.10.30"]
[Round "9.2"]
[White "Topola, Rafal"]
[Black "Kubica, Dominik"]
[Result "1-0"]
[ECO "B16"]
[WhiteElo "1827"]
[BlackElo "1577"]
[Annotator "NA RC"]
[PlyCount "101"]
[EventDate "2020.10.23"]
[EventType "team-tourn"]
[EventCountry "POL"]
[SourceTitle "playchess.com"]
[Source "ChessBase"]
[SourceQuality "1"]
[TimeControl "5400+30"]

1. e4 c6 2. d4 d5 3. Nd2 dxe4 4. Nxe4 Nf6 5. Nxf6+ gxf6 6. c3 Nd7 {[%emt 0:05:27] B16: Caro-Kann: Bronstein-Larsen Variation.} 7. Nf3 Nb6 {[%emt 0:00:22] [#]} 8. Qc2 $146 ({Predecessor:} 8. Bf4 h5 9. h3 Qd5 10. Bd3 Bf5 11. O-O Rg8 12. Bg3 e6 13. a4 O-O-O 14. a5 {1-0 (32) Predke,A (2601)-Ovetchkin,R (2540) Cheliabinsk 2017}) 8... Qc7 9. Bd3 h5 10. g3 Bh6 11. Bxh6 Rxh6 12. Nh4 Bd7 (12... Bh3 $14) 13. O-O-O O-O-O 14. Rhe1 e6 15. Qd2 Rhh8 16. f4 Kb8 17. Qf2 f5 18. Nf3 Bc8 19. Qe2 Nd5 20. Qe5 f6 21. Qxc7+ Kxc7 22. Bc4 Rhe8 23. Bb3 b5 24. Kc2 Nb6 25. Re2 Bd7 26. Rde1 Nd5 27. a4 a6 28. axb5 axb5 29. Bxd5 exd5 (29... cxd5 $14 30. Nd2 Rb8) 30. Rxe8 Rxe8 31. Rxe8 Bxe8 32. Kb3 Kd6 33. Kb4 Bf7 34. Ka5 Be8 35. Kb6 Bd7 36. Nh4 Bc8 37. b4 Be6 38. Kb7 Bd7 39. Nf3 Be6 40. Nd2 Bd7 41. Nb3 Ke7 42. Kc7 Be8 43. Na5 Kf7 44. h4 Ke7 45. Nxc6+ Ke6 46. Na7 Ke7 47. Kb6 Kd8 $18 48. Nxb5 Bd7 49. Nd6 Ke7 50. Kc7 Be6 51. b5 1-0

[Event "POL-chT 2nd League Juniors 2020"]
[Site "Sypniewo"]
[Date "2020.10.30"]
[Round "9.3"]
[White "Trzebinski, Patryk"]
[Black "Komendecki, Antoni"]
[Result "1-0"]
[ECO "B30"]
[WhiteElo "1837"]
[BlackElo "1801"]
[Annotator "NA RC"]
[PlyCount "63"]
[EventDate "2020.10.23"]
[EventType "team-tourn"]
[EventCountry "POL"]
[SourceTitle "playchess.com"]
[Source "ChessBase"]
[SourceQuality "1"]
[TimeControl "5400+30"]

1. e4 c5 2. Nf3 Nc6 3. c4 e5 4. Nc3 g6 5. g3 Bg7 6. Bg2 Nge7 7. d3 O-O {[%emt 0:00:33] A37: Symmetrical English vs ...g6: 4 Bg2 Bg7 5 Nf3.} 8. h4 d6 9. Be3 Bg4 10. Qd2 {[%emt 0:03:10] [#]} Nd4 $146 ({Predecessor:} 10... Bxf3 11. Bxf3 Nd4 12. Bxd4 exd4 13. Nd5 Nxd5 14. cxd5 b5 15. O-O c4 16. h5 Qb6 17. hxg6 hxg6 {1-0 (41) Pogany,Z (2121)-Szabo,A (1946) Balatonlelle 2019}) 11. Nh2 Be6 12. O-O-O (12. h5 $11) 12... Nec6 {[%emt 0:04:41] [#]} 13. f4 {[#]} (13. h5 $142 $1 ) 13... f5 $2 ({Black should try} 13... Rb8 $1 $17 14. Nf3 Nb4) 14. Nf3 fxe4 15. Nxe4 Rb8 $2 (15... Bg4 $11 {and Black is okay.} 16. Rdf1 exf4 17. Bxf4 Bxf3 18. Rxf3 Nxf3 19. Bxf3 Ne5) 16. Bxd4 Nxd4 17. Nxd4 cxd4 {[%emt 0:01:03] [#]} (17... exd4 $16 18. Rde1 Bg4) 18. Ng5 $1 Bg4 19. Bd5+ Kh8 {[%emt 0:00:06] [#]} 20. h5 $1 gxh5 21. Nf7+ (21. Rdf1 $16) 21... Rxf7 $1 22. Bxf7 Bxd1 (22... Qf6 $14 23. Bxh5 Bxd1 24. Bxd1 exf4) 23. Qxd1 Qf6 (23... h4 $16 {was called for.}) 24. Qxh5 h6 {[%emt 0:03:33] [#]} 25. f5 $1 Rf8 {[%emt 0:01:22] [#]} 26. Be6 $1 e4 {[#]} 27. g4 $1 exd3 {[%emt 0:10:04] [#]} (27... Qe5 $142 28. g5 Qf4+ 29. Kd1 Qf3+ 30. Qxf3 exf3) 28. g5 $1 Qe5 29. Qg6 d2+ 30. Kd1 d3 31. Rxh6+ Bxh6 32. Qxh6# 1-0

[Event "POL-chT 2nd League Juniors 2020"]
[Site "Sypniewo"]
[Date "2020.10.30"]
[Round "9.3"]
[White "Zaborski, Igor"]
[Black "Nowak, Filip"]
[Result "0-1"]
[ECO "D04"]
[WhiteElo "1612"]
[BlackElo "1871"]
[Annotator "NA RC"]
[PlyCount "134"]
[EventDate "2020.10.23"]
[EventType "team-tourn"]
[EventCountry "POL"]
[SourceTitle "playchess.com"]
[Source "ChessBase"]
[SourceQuality "1"]
[TimeControl "5400+30"]

1. d4 d5 2. Nf3 Nf6 3. e3 c5 4. b3 Nc6 5. Bb2 Bg4 6. Be2 e6 7. O-O {[%emt 0:00:20] The main line 7.0-0 scores better than 7.Nbd2.} cxd4 {[%emt 0:00:44] A06: Réti Opening: 1 Nf3 d5.} 8. exd4 Be7 9. h3 Bh5 {[%emt 0:00:33] [#]} 10. Ne5 $146 ({Predecessor:} 10. Nbd2) 10... Bxe2 11. Qxe2 O-O 12. Nxc6 bxc6 13. Nd2 Nd7 14. f4 c5 15. f5 Qb6 16. Kh1 Rae8 17. dxc5 Bxc5 18. f6 g6 $1 19. Nc4 (19. Rad1 $11) 19... dxc4 20. Qd2 {[%emt 0:00:17] [#]} Nxf6 $1 21. Bxf6 Be3 22. Qc3 Rc8 (22... cxb3 $15 23. axb3 Qc5) 23. Rae1 Bh6 24. bxc4 (24. b4 $1 $11 {remains equal.}) 24... Qc6 25. c5 {[%emt 0:02:54] [#]} Rfe8 $1 26. Bd4 {[%emt 0:05:55] [#]} Bf8 $1 27. Rb1 Red8 28. Be3 Bxc5 29. Bxc5 Qxc5 30. Qxc5 Rxc5 31. Rb7 Rf5 32. Rxf5 gxf5 33. Rxa7 Rc8 34. a4 Rxc2 35. a5 Ra2 36. Kg1 e5 37. a6 {[%emt 0:00:27] [#]} Kg7 $1 38. Ra8 Kf6 39. a7 (39. g3 $142) 39... f4 40. Kf1 Kf5 41. Rh8 Rxa7 42. Rxh7 Ke4 43. h4 Ke3 44. Kg1 Ra1+ 45. Kh2 f5 46. Rf7 Ke4 47. h5 Ra6 48. Kh3 Ra3+ 49. Kh2 {[%emt 0:00:51] [#]} f3 $2 (49... Rg3 $1 $19 50. h6 Rg5) 50. gxf3+ Rxf3 51. h6 Ra3 52. h7 Ra8 53. Rg7 Rh8 54. Kg2 f4 55. Kf2 Kf5 56. Kf3 e4+ 57. Ke2 Kf6 58. Rc7 Kg6 59. Re7 Rxh7 60. Rxe4 Kf5 61. Ra4 Kg4 62. Kf2 Rh3 63. Ra8 Rh2+ 64. Kf1 (64. Kg1 $1 $11 {was the only way to keep the balance.} Re2 65. Kf1) 64... Kg3 65. Kg1 Rb2 66. Kf1 $2 (66. Rg8+ $17 Kf3 67. Rc8) 66... Rb1+ 67. Ke2 f3+ 0-1

[Event "POL-chT 2nd League Juniors 2020"]
[Site "Sypniewo"]
[Date "2020.10.30"]
[Round "9.4"]
[White "Karaszewski, Gabriel"]
[Black "Malinowski, Szymon"]
[Result "1-0"]
[ECO "B13"]
[WhiteElo "1614"]
[BlackElo "1740"]
[Annotator "NA RC"]
[PlyCount "47"]
[EventDate "2020.10.23"]
[EventType "team-tourn"]
[EventCountry "POL"]
[SourceTitle "playchess.com"]
[Source "ChessBase"]
[SourceQuality "1"]
[TimeControl "5400+30"]

1. e4 c6 2. d4 d5 3. exd5 cxd5 4. c4 dxc4 5. Bxc4 Nf6 6. Nc3 e6 7. Nf3 a6 8. O-O Bd6 9. Bg5 Nbd7 10. Re1 Qc7 11. Bb3 O-O 12. Rc1 Qa5 13. d5 e5 14. Bxf6 gxf6 15. Nd2 Nc5 16. Nc4 Qd8 17. Bc2 b5 18. Qh5 f5 19. Nxe5 Bxe5 20. Rxe5 f6 21. Bxf5 Ra7 22. Re3 Qd6 23. Bxc8 Rxc8 24. Qg4+ 1-0

[Event "POL-chT 2nd League Juniors 2020"]
[Site "Sypniewo"]
[Date "2020.10.30"]
[Round "9.4"]
[White "Zimny, Jakub"]
[Black "Rozek, Michal"]
[Result "0-1"]
[ECO "C45"]
[WhiteElo "1569"]
[BlackElo "1442"]
[Annotator "NA RC"]
[PlyCount "78"]
[EventDate "2020.10.23"]
[EventType "team-tourn"]
[EventCountry "POL"]
[SourceTitle "playchess.com"]
[Source "ChessBase"]
[SourceQuality "1"]
[TimeControl "5400+30"]

1. e4 e5 2. Nf3 Nc6 3. d4 exd4 4. Nxd4 Nf6 5. Nxc6 bxc6 6. e5 Qe7 7. Qe2 Nd5 8. c4 Ba6 9. g3 g6 10. b3 Bg7 11. Bb2 O-O 12. Bg2 Rfe8 13. O-O Bxe5 14. Bxe5 Qxe5 15. Qxe5 Rxe5 16. cxd5 Bxf1 17. Kxf1 cxd5 18. Nc3 c6 19. Rc1 Rae8 20. f4 Re3 21. Bxd5 cxd5 22. Nxd5 R3e6 23. Rc7 Re1+ 24. Kf2 R8e2+ 25. Kf3 Rxa2 26. Rxd7 Re6 27. h4 a5 28. Ra7 Ra3 29. Kg4 Kg7 30. Nc7 Re7 31. Nb5 Rxa7 32. Nxa3 Rb7 33. Nc4 Rb5 34. Kh3 Rc5 35. Nd6 Kf8 36. Ne4 Rc6 37. Nd2 Rc3 38. Kg4 h5+ 39. Kh3 f5 0-1

[Event "POL-chT 2nd League Juniors 2020"]
[Site "Sypniewo"]
[Date "2020.10.30"]
[Round "9.5"]
[White "Hertlein, Irena"]
[Black "Jedrzejko, Martyna"]
[Result "1/2-1/2"]
[ECO "D02"]
[WhiteElo "1893"]
[BlackElo "1618"]
[Annotator "NA RC"]
[PlyCount "71"]
[EventDate "2020.10.23"]
[EventType "team-tourn"]
[EventCountry "POL"]
[SourceTitle "playchess.com"]
[Source "ChessBase"]
[SourceQuality "1"]
[TimeControl "5400+30"]

1. d4 d5 2. Nf3 Nf6 3. c4 c6 4. Qc2 e6 5. g3 Bb4+ 6. Bd2 Bxd2+ {[%emt 0:00:29] D30: Queen's Gambit Declined: Systems without Nc3.} 7. Nbxd2 O-O 8. Bg2 Nbd7 9. O-O b6 10. e4 dxe4 11. Nxe4 Nxe4 12. Qxe4 Bb7 13. Ne5 Nxe5 14. dxe5 Qe7 15. Rfd1 {[%emt 0:04:28] [#]} Rfd8 $146 ({Predecessor:} 15... Rad8 16. Bf3 h6 17. a3 Ba8 18. Qe3 Bb7 19. b4 Kh8 20. c5 bxc5 21. bxc5 Rxd1+ 22. Rxd1 {1-0 (34) Koo,W (1826)-Abdul Rahman,S (1615) Shah Alam 2016}) 16. Qf4 c5 17. Rd6 Bxg2 18. Kxg2 Rxd6 19. exd6 Qd7 20. Rd1 Rd8 21. a3 h6 22. b4 Qc6+ 23. Kg1 Qa4 24. Qd2 Qxa3 25. b5 a6 26. d7 axb5 27. Qd6 Qa7 (27... bxc4 $17 28. Qxb6 Qa8) 28. cxb5 Qa4 29. h4 Kh7 30. Kh2 c4 31. Qxb6 Qxd1 32. Qxd8 Qd2 33. Kg2 Qd5+ 34. Kh2 Qd2 35. Kg2 Qd5+ 36. Kh2 $11 1/2-1/2

[Event "POL-chT 2nd League Juniors 2020"]
[Site "Sypniewo"]
[Date "2020.10.30"]
[Round "9.5"]
[White "Filipska, Maja"]
[Black "Lascar, Maria Elena"]
[Result "1-0"]
[ECO "B40"]
[WhiteElo "1849"]
[BlackElo "1552"]
[Annotator "NA RC"]
[PlyCount "59"]
[EventDate "2020.10.23"]
[EventType "team-tourn"]
[EventCountry "POL"]
[SourceTitle "playchess.com"]
[Source "ChessBase"]
[SourceQuality "1"]
[TimeControl "5400+30"]

1. e4 c5 2. Nf3 e6 3. d4 cxd4 4. Nxd4 Nf6 5. Nc3 Qb6 6. e5 Bc5 7. Be3 ({Much worse is} 7. exf6 $6 Bxd4 8. fxg7 Bxf2+ 9. Ke2 Rg8 $11) (7. Ndb5 $16 Nd5 8. Ne4 (8. Nxd5 exd5 9. Qxd5 Bxf2+ 10. Kd1 O-O $14)) 7... Nd5 $1 {[%emt 0:07:06] B40: Sicilian: 2...e6, Unusual lines.} 8. Nxd5 $1 exd5 9. c3 Nc6 10. Be2 Nxd4 {[%emt 0:03:55] [#]} 11. cxd4 $146 ({Predecessor:} 11. Bxd4 Bxd4 12. cxd4 d6 13. O-O O-O 14. b3 dxe5 15. dxe5 Rd8 16. Qd2 Bf5 17. Rad1 {0-1 (48) Van't Hof,G-Myatt,J LSS email 2007}) 11... Bb4+ 12. Kf1 O-O 13. Qb3 Ba5 14. Bf3 Qa6+ 15. Kg1 d6 16. exd6 Qxd6 17. Qxd5 Bc7 ({Black should play} 17... Qxd5 $14 18. Bxd5 Rd8) 18. Qxd6 Bxd6 19. g3 Rb8 20. Kg2 Bd7 21. Rac1 h6 22. Rc3 g5 23. h4 g4 24. Bd5 Kg7 25. Rhc1 b6 26. Bf4 (26. Bc6 $16 Bf5 27. a3) 26... Bxf4 27. gxf4 Rbc8 28. Rc7 Rfd8 {[%emt 0:01:36] [#]} 29. Bb3 $1 Kf6 $2 {[%emt 0:01:35] [#]} (29... Rxc7 $16 30. Rxc7 a5) 30. Rxd7 $18 1-0

[Event "POL-chT 2nd League Juniors 2020"]
[Site "Sypniewo"]
[Date "2020.10.30"]
[Round "9.6"]
[White "Wieczorek, Maja"]
[Black "Lajdamik, Anna"]
[Result "0-1"]
[ECO "B16"]
[WhiteElo "1141"]
[BlackElo "1292"]
[Annotator "NA RC"]
[PlyCount "94"]
[EventDate "2020.10.23"]
[EventType "team-tourn"]
[EventCountry "POL"]
[SourceTitle "playchess.com"]
[Source "ChessBase"]
[SourceQuality "1"]
[TimeControl "5400+30"]

1. e4 c6 2. d4 d5 3. Nc3 dxe4 4. Nxe4 Nf6 5. Nxf6+ gxf6 6. Nf3 Bg4 7. Be2 Qc7 8. c4 e6 9. O-O Nd7 10. Nh4 Bxe2 11. Qxe2 O-O-O 12. f4 f5 13. c5 Nf6 14. Nf3 Bg7 15. Be3 Nd5 16. Qd2 h5 17. b4 f6 18. Nh4 Bh6 19. Rae1 Rhg8 20. g3 Rg4 21. Ng2 Rdg8 22. a4 h4 23. Bf2 hxg3 24. hxg3 Nxf4 25. Ne3 Nh3+ 26. Kg2 Nxf2 27. Kxf2 Qxg3+ 28. Ke2 Bxe3 29. Qxe3 Re4 30. Rf3 Rxe3+ 31. Kxe3 Qg5+ 32. Ke2 e5 33. Ref1 f4 34. b5 Rh8 35. bxc6 Rh2+ 36. Kd3 Qg2 37. cxb7+ Kb8 38. R1f2 Qxf2 39. Rxf2 Rxf2 40. c6 Rf3+ 41. Ke4 Rc3 42. d5 Rc4+ 43. Kf3 Rd4 44. a5 a6 45. Kg4 Rxd5 46. Kf5 Rd6 47. c7+ Kxc7 0-1

[Event "POL-chT 2nd League Juniors 2020"]
[Site "Sypniewo"]
[Date "2020.10.30"]
[Round "9.8"]
[White "Bialik, Nikodem"]
[Black "Niemier, Hubert"]
[Result "0-1"]
[ECO "B11"]
[WhiteElo "1547"]
[BlackElo "1771"]
[Annotator "NA RC"]
[PlyCount "146"]
[EventDate "2020.10.23"]
[EventType "team-tourn"]
[EventCountry "POL"]
[SourceTitle "playchess.com"]
[Source "ChessBase"]
[SourceQuality "1"]
[TimeControl "5400+30"]

1. e4 c6 2. Nf3 d5 3. Nc3 Bg4 4. h3 Bxf3 5. Qxf3 e6 6. a3 Bc5 7. g3 Nd7 8. d3 d4 9. Nb1 Ne7 10. Bg2 e5 11. O-O O-O 12. Qe2 Bd6 13. f4 f6 14. f5 c5 15. b3 b5 16. Nd2 Nb6 17. g4 Nc6 18. Rf3 Kf7 19. Rg3 h6 20. h4 Ke7 21. Nf3 Kd7 22. g5 hxg5 23. hxg5 Qe8 24. Nh4 Ne7 25. Bd2 Rg8 26. Kf2 Rc8 27. Rh1 c4 28. bxc4 bxc4 29. Bc1 cxd3 30. Rxd3 Qf7 31. Rhh3 Qa2 32. c3 Qxe2+ 33. Kxe2 Na4 34. Bd2 Nxc3+ 35. Bxc3 Rxc3 36. Rxc3 dxc3 37. Rxc3 Rb8 38. gxf6 gxf6 39. Kf3 Nc6 40. Bf1 Nd4+ 41. Kg4 Rb1 42. Bc4 Rg1+ 43. Kh3 Re1 44. Bd5 Ra1 45. Nf3 Bxa3 46. Rd3 Bc5 47. Kg2 a5 48. Rd2 Ra3 49. Ne1 Rc3 50. Nd3 Bb4 51. Nb2 Kc7 52. Rf2 Nc2 53. Na4 Ne3+ 54. Kh2 Ra3 55. Rf3 Nxd5 56. Rxa3 Bxa3 57. exd5 Kd6 58. Nb6 Bc5 59. Nc4+ Kxd5 60. Nxa5 Ke4 61. Kg3 Kxf5 62. Nb3 Bb6 63. Kf3 e4+ 64. Ke2 Ke5 65. Nd2 Kd5 66. Nf1 f5 67. Nd2 f4 68. Nf1 f3+ 69. Kd2 Bf2 70. Nh2 Kd4 71. Kc1 Ke3 72. Kd1 Kf4 73. Nf1 e3 0-1